 Dungeon Crawl Stone Soup version 0.30-a0-305-g026cb31310 (webtiles) character file.

Game seed: 7399698496293656133

81 koil the Sneak (level 4, 0/23 HPs)
             Began as a Spriggan Brigand on Oct 23, 2022.
             Slain by a gnoll
             ... wielding a +0 flail
              (11 damage)
             ... on level 3 of the Dungeon.
             The game lasted 00:02:54 (1880 turns).

koil the Sneak (Spriggan Brigand)                   Turns: 1880, Time: 00:02:54

Health: 0/23       AC:  3    Str:  7    XL:     4   Next: 20%
Magic:  7/7        EV: 17    Int: 14    God:
Gold:   115        SH:  0    Dex: 16    Spells: 6/6 levels left

rFire   . . .      SeeInvis +    a - +2 dagger
rCold   . . .      Faith    .    (no shield)
rNeg    . . .      Spirit   .    b - +0 robe
rPois   .          Reflect  .    (helmet restricted)
rElec   .          Harm     .    c - +0 cloak
rCorr   .          Rampage  .    (gloves unavailable)
Will    .....                    (boots unavailable)
Stlth   +++.......               (no amulet)
HPRegen 0.23/turn                (no ring)
MPRegen 0.10/turn                (no ring)

@: very quick
A: very small, no large weapons, unfitting armour, see invisible, speed 3
a: no special abilities


You were on level 3 of the Dungeon.
You visited 1 branch of the dungeon, and saw 3 of its levels.

You collected 115 gold pieces.

Inventory:

Hand Weapons
 a - a +2 dagger (weapon)
 r - a +2 vampiric short sword
Missiles
 d - 9 poisoned darts (quivered)
 e - 3 curare-tipped darts
 l - 5 atropa-tipped darts
Armour
 b - a +0 robe (worn)
 c - a +0 cloak (worn)
Wands
 o - a wand of mindburst (11)
Scrolls
 f - a scroll of blinking {unknown}
 g - 2 scrolls of immolation {unknown}
 i - 3 scrolls of identify {unknown}
 k - a scroll of silence {unknown}
Potions
 h - a potion of cancellation {unknown}
 j - a potion of mutation {unknown}
 m - a potion of invisibility {unknown}
 n - a potion of resistance {unknown}
 p - a potion of berserk rage {unknown}
 q - 2 potions of magic {unknown}
 s - a potion of curing {unknown}


   Skills:
 + Level 2.1 Fighting
 + Level 2.9 Short Blades
 - Level 2.0 Throwing
 + Level 2.8 Dodging
 + Level 6.5 Stealth
 + Level 1.8 Spellcasting


You had 6 spell levels left.
You didn't know any spells.
Your spell library contained the following spells:

 Spells                   Type           Power      Damage    Failure   Level
 Cigotuvi's Dreadful Rot  Necr/Pois/Air  2%         N/A       36%         2
 Poisonous Vapours        Pois/Air       2%         N/A       36%         2
 Mephitic Cloud           Conj/Pois/Air  1%         N/A       58%         3
 Summon Guardian Golem    Hex/Summ       1%         N/A       58%         3
 Orb of Destruction       Conj           0%         9d5       100%        7
 Spellforged Servitor     Conj/Summ      0%         N/A       100%        7


Dungeon Overview and Level Annotations

Branches:
Dungeon (3/15)

Altars:


Innate Abilities, Weirdness & Mutations

You are very small and have problems with some larger weapons.
You are too small for most types of armour.
You have supernaturally acute eyesight. (SInv)
You cover ground extremely quickly. (Speed+++)


Message History

The quokka bites you.
You barely miss the quokka.
The quokka is heavily wounded.
The quokka barely misses you. x2
You hit the quokka.
You kill the quokka!
You hit the gnoll.
The gnoll is lightly wounded.
The gnoll completely misses you.
You hit the gnoll.
The gnoll is moderately wounded.
The gnoll closely misses you.
You hit the gnoll.
The gnoll is moderately wounded.
You barely miss the gnoll.
The gnoll is moderately wounded.
The gnoll hits you with a +0 whip.
You hit the gnoll.
The gnoll is severely wounded.
The gnoll barely misses you.
You hit the gnoll.
The gnoll is almost dead.
The gnoll completely misses you.
You hit the gnoll.
You kill the gnoll!
You hit the gnoll.
The gnoll is moderately wounded.
The gnoll completely misses you.
You hit the gnoll.
The gnoll is severely wounded.
The gnoll closely misses you.
You barely miss the gnoll.
The gnoll is severely wounded.
You hit the gnoll.
The gnoll is severely wounded.
The gnoll completely misses you.
You barely miss the gnoll.
The gnoll is severely wounded.
The gnoll hits you with a +0 flail!
You die...

#......#....
...#.....
#.........#
## #.#..?
#......##># #
#.#...
#...<..#..#
.# # # #...
#######..#
.#. #... #.##
....## #.#
#.#...#
###.##.......
#...@g..#
#.#.##.##
#.#.# .# .
#.# .# ## #.#
.# #.# .# #.#
.# .. ..


You could see a gnoll.

Vanquished Creatures
  An adder (D:2)
  3 gnolls (D:3)
  A worm (D:2)
  An orc (D:2)
  4 bats
  6 goblins
  2 hobgoblins
  6 jackals
  2 kobolds
  4 quokkas
  2 frilled lizards
  4 rats
36 creatures vanquished.

Notes
Turn   | Place    | Note
-------+----------+-------------------------------------------
     0 | D:1      | koil the Spriggan Brigand began the quest for the Orb.
     0 | D:1      | Reached XP level 1. HP: 10/10 MP: 2/2
   229 | D:1      | Reached skill level 6 in Stealth
   326 | D:1      | Found a faded altar of an unknown god.
   338 | D:1      | Reached XP level 2. HP: 15/15 MP: 3/3
   798 | D:2      | Reached skill level 1 in Spellcasting
   904 | D:2      | Reached XP level 3. HP: 18/18 MP: 5/5
  1864 | D:3      | Reached XP level 4. HP: 20/23 MP: 7/7
  1880 | D:3      | Slain by a gnoll

Illustrated notes

Levels and vault maps discovered:
D:1:      ebering_trefoil_twist, layout_basic, basic_ecumenical_altar
D:2:      layout_basic
D:3:      layout_rooms, mainiacjoe_overflow_six_doors_small

Skill      XL: |  1  2  3 |
---------------+----------+-----
Stealth        | 6 |  6.5
Spellcasting   | 1 |  1.8
Dodging        | 2 |  2.8
Fighting       | 2 |  2.1
Short Blades   | |  2.9
Throwing       | |  2.0

Action                   |  1- 3 |  4- 6 || total
-------------------------+-------+-------++-------
Melee: Dagger            |   123 |    17 ||   140
       Punch             |     1 |       ||     1
 Stab: Sleeping          |     5 |       ||     5
Armor: Robe              |    22 |       ||    22
Dodge: Dodged            |   113 |     9 ||   122

Table legend: (Time is in decaauts)
 A = Elapsed time spent in this place.
 B = Non-inter-level travel time spent in this place.
 C = Inter-level travel time spent in this place.
 D = Time resting spent in this place.
 E = Time spent auto-exploring this place.
 F = Levels seen in this place.
 G = Mean time per level.
                   A        B        C        D        E       F      G
               +--------+--------+--------+--------+--------+-----+--------+
         Total |   1232 |   1133 |     99 |      0 |    868 |   3 |  410.7 |
       Dungeon |   1232 |   1133 |     99 |      0 |    868 |   3 |  410.7 |
               +--------+--------+--------+--------+--------+-----+--------+

Top non-repeatable levels by time:
     D:2: 658 daAuts
     D:1: 531 daAuts
     D:3: 42 daAuts
